 Dungeon Crawl Stone Soup version 0.23-a0-78-gc252fe1 (webtiles) character file.

101040 galech the Blocker (level 16, -1/99 HPs)
             Began as a Gnoll Wanderer on Aug 9, 2018.
             Was a High Priest of Okawaru.
             Slain by a bone dragon (2 damage)
             ... on level 3 of the Abyss on Aug 10, 2018.
             The game lasted 01:14:30 (38428 turns).

galech the Blocker (Gnoll Wanderer)                Turns: 38428, Time: 01:14:30

Health: -1/99      AC: 36    Str: 13    XL:     16   Next: 29%
Magic:  0/30       EV: 11    Int: 14    God:    Okawaru [*****.]
Gold:   1544       SH: 21    Dex: 23    Spells: 33/36 levels left

rFire    . . .     SeeInvis .   H - +7 long sword (freeze)
rCold    . . .     Gourm    .   S - +1 large shield {AC+3}
rNeg     . . .     Faith    .   P - +7 plate armour of the Blue Skies {Dex+3}
rPois    +         Spirit   +   T - +2 hat {MR+}
rElec    .         Reflect  .   y - scarf {Spirit}
rCorr    .         Harm     .   n - +1 pair of gloves
MR       ++...                  L - +1 pair of boots {Stlth+}
Stlth    +++.......             I - amulet of rage
HPRegen  0.00/turn              Z - +2 ring of protection
MPRegen  0.22/turn              m - ring of poison resistance

@: about to teleport, heroism, marked, no potions, non-regenerating, diseased
A: distributed training, fangs 1, [dopey 2], [frail 2], [screaming 2], strong
nose
a: Heroism, Finesse, Renounce Religion, Evoke Berserk Rage


You were on level 3 of the Abyss.
You worshipped Okawaru.
Okawaru was extremely pleased with you.
You were not hungry.

You visited 4 branches of the dungeon, and saw 23 of its levels.
You visited the Abyss 1 time.
You also visited: Labyrinth and Ice Cave.

You collected 2952 gold pieces.
You spent 1408 gold pieces at shops.

Inventory:

Hand Weapons
 B - the +11 lajatang of Starshine {venom, Int+6}
   (Okawaru gifted it to you on level 11 of the Dungeon)

   It poisons the flesh of those it strikes.
   It affects your intelligence (+6).
 H - a +7 long sword of freezing (weapon)
 J - a +2 scimitar of flaming
Armour
 e - +0 ice dragon scales
 n - a +1 pair of gloves (worn)
 y - a scarf of spirit shield (worn)
 L - a +1 pair of boots of stealth (worn)
 P - the +7 plate armour of the Blue Skies (worn) {Dex+3}
   (You bought it in a shop on level 2 of the Orcish Mines)

   It affects your dexterity (+3).
 S - a +1 large shield of protection (worn)
 T - a +2 hat of magic resistance (worn)
 W - +0 acid dragon scales
 Y - +0 fire dragon scales
Jewellery
 g - an uncursed amulet of the acrobat
 m - a ring of poison resistance (right hand)
 p - an uncursed ring of ice
 x - an uncursed ring of flight
 I - an amulet of rage (around neck)
 V - a cursed ring of teleportation {unknown}
 Z - a +2 ring of protection (left hand)
Wands
 l - a wand of digging (13)
 r - a wand of clouds (7)
 E - a wand of polymorph (11)
 N - a wand of random effects (11)
Scrolls
 a - a scroll of silence
 b - a scroll of fog
 c - 2 scrolls of fear
 j - a scroll of enchant weapon
 o - 3 scrolls of magic mapping
 q - 4 scrolls of amnesia
 t - 2 scrolls of enchant armour
 A - 2 scrolls of holy word
 C - 8 scrolls of remove curse
 D - 2 scrolls of brand weapon
 F - 3 scrolls of teleportation
 Q - a scroll of summoning
Potions
 d - 5 potions of brilliance
 h - 4 potions of haste
 i - 8 potions of degeneration {unknown}
 k - 5 potions of curing
 s - 3 potions of mutation {unknown}
 u - 3 potions of cancellation {unknown}
 v - a potion of lignification {unknown}
 w - 8 potions of might {unknown}
 z - a potion of resistance
 G - 3 potions of heal wounds
 K - a potion of berserk rage
 M - 4 potions of agility
 O - 3 potions of ambrosia {unknown}
 R - a potion of flight
 U - a potion of magic
Comestibles
 f - 36 rations


   Skills:
 + Level 10.8(15.8) Fighting
 + Level 10.5(15.5) Short Blades
 + Level 10.5(15.5) Long Blades
 + Level 10.5(15.5) Axes
 + Level 10.5(15.5) Maces & Flails
 + Level 10.5(15.5) Polearms
 + Level 10.5(15.5) Staves
 + Level 10.5(15.5) Slings
 + Level 10.5(15.5) Bows
 + Level 10.5(15.5) Crossbows
 + Level 10.5(15.5) Throwing
 + Level 11.4(16.4) Armour
 + Level 10.5(15.5) Dodging
 + Level 10.5(15.5) Stealth
 + Level 11.4(16.4) Shields
 + Level 10.5(15.5) Unarmed Combat
 + Level 10.5 Spellcasting
 + Level 8.9 Conjurations
 + Level 8.9 Hexes
 + Level 8.9 Charms
 + Level 10.4 Summonings
 + Level 8.9 Necromancy
 + Level 8.9 Translocations
 + Level 8.9 Transmutations
 + Level 8.9 Fire Magic
 + Level 9.7 Ice Magic
 + Level 8.9 Air Magic
 + Level 8.9 Earth Magic
 + Level 8.9 Poison Magic
 + Level 11.4 Invocations
 + Level 10.5 Evocations


You had 33 spell levels left.
You knew the following spells:

 Your Spells              Type           Power        Failure   Level  Hunger
a - Regeneration          Chrm/Necr      ####......   54%         3    #......

Your spell library contained the following spells:

 Spells                   Type           Power        Failure   Level  Hunger
 Cause Fear               Hex            ####......   91%         4    ###....
 Apportation              Tloc           ####..       22%         1    None
 Bolt of Cold             Conj/Ice       ####......   100%        6    ######.
 Slow                     Hex            ####....     32%         2    None
 Confuse                  Hex            ####....     54%         3    #......
 Invisibility             Hex            ####....     100%        6    ######.
 Throw Frost              Conj/Ice       ####..       26%         2    None
 Freezing Cloud           Conj/Ice/Air   ####......   100%        6    ######.
 Mephitic Cloud           Conj/Pois/Air  ####....     54%         3    #......
 Venom Bolt               Conj/Pois      ####......   99%         5    #####..
 Olgreb's Toxic Radiance  Pois           ####....     91%         4    ###....
 Summon Small Mammal      Summ           ####         12%         1    None
 Animate Dead             Necr           N/A          91%         4    ###....
 Pain                     Necr           ####         22%         1    None
 Animate Skeleton         Necr           N/A          22%         1    None
 Vampiric Draining        Necr           ####......   54%         3    #......
 Freeze                   Ice            ####         16%         1    None
 Ozocubu's Refrigeration  Ice            ####......   100%        6    ######.
 Summon Ice Beast         Ice/Summ       #####...     80%         4    ###....
 Ozocubu's Armour         Chrm/Ice       ####....     47%         3    #......
 Sting                    Conj/Pois      ####         22%         1    None
 Tukima's Dance           Hex            ####....     54%         3    #......
 Stone Arrow              Conj/Erth      ####..       54%         3    #......
 Recall                   Summ/Tloc      N/A          43%         3    #......
 Spider Form              Tmut/Pois      ####......   54%         3    #......
 Blade Hands              Tmut           ####......   99%         5    #####..
 Statue Form              Tmut/Erth      ####.....    100%        6    ######.
 Ice Form                 Ice/Tmut       ####....     87%         4    ###....
 Dragon Form              Tmut           ####......   100%        7    #######
 Death Channel            Necr           ####......   100%        6    ######.
 Throw Icicle             Conj/Ice       ####....     87%         4    ###....
 Confusing Touch          Hex            ####..       22%         1    None
 Sticks to Snakes         Tmut           ####....     32%         2    None
 Metabolic Englaciation   Hex/Ice        ####......   99%         5    #####..
 Summon Butterflies       Summ           #####...     12%         1    None
 Corona                   Hex            ####...      22%         1    None
 Alistair's Intoxication  Tmut/Pois      ####....     99%         5    #####..
 Sandblast                Erth           ####..       22%         1    None
 Simulacrum               Ice/Necr       ####......   100%        6    ######.
 Portal Projectile        Hex/Tloc       ####..       54%         3    #......
 Petrify                  Tmut/Erth      ####....     91%         4    ###....
 Leda's Liquefaction      Hex/Erth       ####......   91%         4    ###....
 Shroud of Golubria       Chrm/Tloc      ####......   32%         2    None
 Inner Flame              Hex/Fire       ####....     54%         3    #......
 Beastly Appendage        Tmut           ####..       22%         1    None
 Infusion                 Chrm           ####         22%         1    None
 Song of Slaying          Chrm           ####....     32%         2    None
 Spectral Weapon          Hex/Chrm       ####....     54%         3    #......
 Hydra Form               Tmut           ####......   100%        6    ######.
 Irradiate                Conj/Tmut      ####......   99%         5    #####..
 Gell's Gravitas          Tloc           ####......   54%         3    #......
 Yara's Violent Unravell  Hex/Tmut       ####......   99%         5    #####..
 Lesser Beckoning         Tloc           ####......   54%         3    #......
 Poisonous Vapours        Pois/Air       ####..       32%         2    None
 Borgnjor's Vile Clutch   Necr/Erth      ####......   99%         5    #####..


Dungeon Overview and Level Annotations

Branches:
Dungeon (14/15)            Temple (1/1) D:5            Lair (6/6) D:10
 Shoals (0/4) Lair:2        Snake (0/4) Lair:2          Orc (2/2) D:9
    Elf (0/3) Orc:2        Vaults (0/5) D:13
  Slime: Lair:5-6

Altars:
Ashenzari
Cheibriados
Dithmenos
Elyvilon
Fedhas
Gozag
Hepliaklqana
Kikubaaqudgha
Makhleb
Nemelex Xobeh
Okawaru
Qazlal
Ru
Sif Muna
Trog
Uskayaw
Vehumet
Wu Jian
Xom
Yredelemnul
Zin
The Shining One

Shops:
D:5 (   D:10 %   Orc:2 ([?:

Annotations:
D:13 1 transporter
D:14 Louise
Lair:6 exclusion: 5 oklob plants


Innate Abilities, Weirdness & Mutations

Your experience applies equally to all skills.
You have very sharp teeth.
Your uncanny sense of smell can sniff out nearby items.
[You are very dopey. (Int -4)]
[You are very frail. (-20% HP)]
[You sometimes yell uncontrollably at your foes.]


Message History

Your bite misses the spatial maelstrom.
The spatial maelstrom is moderately damaged.
The spatial maelstrom hits you but does no damage.
Something completely misses you. Something claws you but does no damage.
Something tramples you but does no damage.
The spatial maelstrom hits you but does no damage.
You block the spatial maelstrom's attack.
You cannot drink potions in your current state!
As you read the scroll of summoning, it crumbles to dust.
Wisps of shadow whirl around you...
The shadows disperse without effect.
You block the spatial maelstrom's attack. x2
The hell hog breathes fire at you.
The fireball explodes!
The fireball engulfs something.
The fireball engulfs the hell hog.
The hell hog resists.
The fireball engulfs the spatial maelstrom.
The spatial maelstrom resists.
The fireball engulfs you!
* * * LOW HITPOINT WARNING * * *
The fireball engulfs the hell hog.
The hell hog resists.
Something bites you but does no damage. Something claws you.
You die... . .. .. v# ..# #v## .# v# 5h ## .Rx#vv# .##x. . .#.{#{#*#R #. .#v#X#3X #. .#txh#hX#

.
##{Xv{##
## § #@#
# . ..
### #. .
# .....#
# # . #
# # . .#
#. . .
.# # .
.. # .
.. #.#
#. . . .
# §. # .
#.


You could see a spatial maelstrom, 2 hell hogs, a large abomination and a small
abomination.

Vanquished Creatures
  Gastronok (Lair:2)
  An orc warlord (D:9)
  A minotaur (Lab)
  A fire dragon (Lair:6)
  Harold (D:8)
  8 vault guards (D:13)
  An ice dragon (Lair:6)
  A rakshasa (Abyss:3)
  A centaur warrior (D:13)
  9 hydras
  A catoblepas (D:13)
  Erica (D:8)
  4 two-headed ogres
  9 death yaks (Lair:6)
  Urug (Lair:2)
  Nergalle (Lair:1)
  5 orc high priests (Orc:2)
  A fire crab (Lair:6)
  A large abomination (Abyss:3)
  An unseen horror (D:11)
  A swamp dragon (Lair:6)
  7 orc knights
  2 lindwurms
  A necromancer (IceCv)
  3 oklob plants (Lair:1)
  An orc sorcerer (Orc:1)
  5 ugly things
  A worldbinder (Abyss:3)
  A manticore (D:11)
  18 elephants
  6 cyclopes
  Joseph (D:8)
  2 ice statues (IceCv)
  2 black mambas
  A gargoyle (D:12)
  8 spiny frogs
  5 torpor snails (Lair:6)
  2 freezing wraiths
  2 rime drakes (Lair:6)
  7 komodo dragons
  8 ice devils (IceCv)
  10 trolls
  4 tyrant leeches (Lair:6)
  5 hornets
  2 polar bears (Lair:6)
  11 blink frogs
  A raiju (Abyss:3)
  11 dream sheep
  8 hippogriffs
  A flying skull (Abyss:3)
  A shadow (D:13)
  A wraith (D:9)
  3 hogs (D:7)
  Eustachio (D:5)
  5 wyverns
  5 hungry ghosts
  5 basilisks
  A human (D:7)
  3 steam dragons (Lair:6)
  36 yaks
  3 nagas (Lair:2)
  A warg (Orc:1)
  2 acid dragons
  11 water moccasins
  2 hell hounds (D:10)
  3 ice beasts (D:6)
  9 porcupines
  6 black bears
  2 sky beasts
  39 orc warriors
  5 phantoms
  10 ogres
  7 centaurs
  13 wolves
  15 crocodiles
  A big kobold (D:2)
  16 bullfrogs
  Blork the orc (D:3)
  6 earth elementals (D:13)
  7 scorpions
  11 killer bees
  3 troll zombies (D:9)
  11 wights
  An electric eel (Lair:5)
  6 howler monkeys
  3 centaur zombies
  3 draconian simulacra (IceCv)
  3 crimson imps
  2 bullfrog zombies
  2 jellies
  A gnoll shaman (Orc:1)
  7 bullfrog skeletons
  8 hounds
  38 orc priests
  22 orc wizards
  8 centaur skeletons
  7 hell rats (Lair:4)
  4 iguanas
  9 worker ants
  Natasha (thrice) (D:4)
  3 troll simulacra (IceCv)
  A killer bee zombie (D:10)
  3 ogre zombies (D:9)
  A hound skeleton (D:6)
  A howler monkey zombie (D:9)
  11 gnolls
  9 adders
  A naga simulacrum (IceCv)
  3 ogre simulacra (IceCv)
  2 shadow imps
  2 adder skeletons
  4 worms
  6 dart slugs
  6 leopard geckos
  84 orcs
  5 giant cockroaches
  8 goblins
  5 hobgoblins
  9 jackals
  6 quokkas
  3 ball pythons
  2 bats
  9 frilled lizards
  2 goblin zombies (D:9)
  2 hobgoblin zombies (D:9)
  7 kobolds
  A leopard gecko skeleton (D:7)
  2 orc skeletons (D:9)
  13 orc zombies (D:9)
  2 quokka skeletons
  5 rats
777 creatures vanquished.

Vanquished Creatures (others)
  An ancient zyme (Abyss:3)
  2 orcs (D:13)
  14 fungi
  63 plants
  A starspawn tentacle (Abyss:3)
81 creatures vanquished.

Grand Total: 858 creatures vanquished

Notes
Turn   | Place    | Note
-------+----------+-------------------------------------------
     0 | D:1      | galech the Gnoll Wanderer began the quest for the Orb.
     0 | D:1      | galech set off with: a +0 buckler, a +0 robe, a +0 dagger, a ration
     0 | D:1      | Reached XP level 1. HP: 17/17 MP: 1/1
   260 | D:1      | Reached XP level 2. HP: 21/23 MP: 2/2
   827 | D:2      | Reached XP level 3. HP: 28/28 MP: 3/3
  1259 | D:2      | Reached skill level 1 in Invocations
  1568 | D:3      | Reached skill level 1 in Short Blades
  1568 | D:3      | Reached skill level 1 in Long Blades
  1568 | D:3      | Reached skill level 1 in Axes
  1568 | D:3      | Reached skill level 1 in Maces & Flails
  1568 | D:3      | Reached skill level 1 in Polearms
  1568 | D:3      | Reached skill level 1 in Staves
  1568 | D:3      | Reached skill level 1 in Slings
  1568 | D:3      | Reached skill level 1 in Bows
  1568 | D:3      | Reached skill level 1 in Crossbows
  1568 | D:3      | Reached skill level 1 in Throwing
  1568 | D:3      | Reached skill level 1 in Dodging
  1568 | D:3      | Reached skill level 1 in Stealth
  1568 | D:3      | Reached skill level 1 in Unarmed Combat
  1568 | D:3      | Reached skill level 1 in Spellcasting
  1568 | D:3      | Reached skill level 1 in Evocations
  1569 | D:3      | Reached XP level 4. HP: 31/34 MP: 5/5
  1786 | D:3      | Noticed a big kobold
  1852 | D:2      | Killed a big kobold
  1852 | D:2      | Reached skill level 1 in Conjurations
  1852 | D:2      | Reached skill level 1 in Hexes
  1852 | D:2      | Reached skill level 1 in Charms
  1852 | D:2      | Reached skill level 1 in Necromancy
  1852 | D:2      | Reached skill level 1 in Translocations
  1852 | D:2      | Reached skill level 1 in Transmutations
  1852 | D:2      | Reached skill level 1 in Fire Magic
  1852 | D:2      | Reached skill level 1 in Air Magic
  1852 | D:2      | Reached skill level 1 in Earth Magic
  1852 | D:2      | Reached skill level 1 in Poison Magic
  1852 | D:2      | Reached XP level 5. HP: 29/40 MP: 5/7
  2373 | D:3      | Noticed Blork the orc
  2546 | D:3      | Found a deep blue altar of Sif Muna.
  2724 | D:3      | Killed Blork the orc
  2724 | D:3      | Reached XP level 6. HP: 46/47 MP: 8/8
  2805 | D:4      | Noticed Natasha
  2813 | D:4      | Killed Natasha
  2813 | D:4      | Reached skill level 5 in Armour
  2813 | D:4      | Reached skill level 5 in Shields
  2976 | D:4      | Noticed Natasha
  3324 | D:4      | Reached XP level 7. HP: 51/52 MP: 10/10
  3493 | D:4      | Killed Natasha
  3564 | D:4      | Noticed Natasha
  3581 | D:4      | Killed Natasha
  3686 | D:4      | Found an opulent altar of Gozag.
  3825 | D:5      | Entered Level 5 of the Dungeon
  4208 | D:5      | Noticed Eustachio
  4263 | D:5      | Killed Eustachio
  4467 | D:5      | Reached XP level 8. HP: 60/60 MP: 12/12
  4644 | D:5      | Found a staircase to the Ecumenical Temple.
  4652 | Temple   | Entered the Ecumenical Temple
  4914 | D:5      | Found Yfooc's Weapon Shop.
  5628 | D:5      | Found a glowing golden altar of the Shining One.
  5925 | D:6      | Found an iron altar of Okawaru.
  5931 | D:6      | Became a worshipper of Warmaster Okawaru
  5950 | D:6      | Reached XP level 9. HP: 48/66 MP: 14/14
  6124 | D:6      | Reached skill level 5 in Ice Magic
  6493 | D:6      | Reached * piety under Okawaru
  6669 | D:6      | Reached skill level 5 in Fighting
  6702 | D:6      | Found a hazy altar of Hepliaklqana.
  6702 | D:6      | Found a shimmering altar of Xom.
  6707 | D:6      | Found a white marble altar of Elyvilon.
  6718 | D:6      | Found an ornate altar of the Wu Jian Council.
  6719 | D:6      | Found a snail-covered altar of Cheibriados.
  7055 | D:7      | Found an ancient bone altar of Kikubaaqudgha.
  7322 | D:7      | Reached skill level 5 in Invocations
  7461 | D:7      | Reached ** piety under Okawaru
  7476 | D:7      | Found a bloodstained altar of Trog.
  7509 | D:7      | Reached XP level 10. HP: 33/74 MP: 17/17
  7933 | D:7      | Reached skill level 5 in Short Blades
  7933 | D:7      | Reached skill level 5 in Long Blades
  7933 | D:7      | Reached skill level 5 in Axes
  7933 | D:7      | Reached skill level 5 in Maces & Flails
  7933 | D:7      | Reached skill level 5 in Polearms
  7933 | D:7      | Reached skill level 5 in Staves
  7933 | D:7      | Reached skill level 5 in Slings
  7933 | D:7      | Reached skill level 5 in Bows
  7933 | D:7      | Reached skill level 5 in Crossbows
  7933 | D:7      | Reached skill level 5 in Throwing
  7933 | D:7      | Reached skill level 5 in Dodging
  7933 | D:7      | Reached skill level 5 in Stealth
  7933 | D:7      | Reached skill level 5 in Unarmed Combat
  7933 | D:7      | Reached skill level 5 in Spellcasting
  7933 | D:7      | Reached skill level 5 in Evocations
  8109 | D:7      | Found a sacrificial altar of Ru.
  8244 | D:8      | Noticed a two-headed ogre
  8271 | D:7      | Killed a two-headed ogre
  8568 | D:8      | Noticed Joseph
  8596 | D:8      | Killed Joseph
  8596 | D:8      | Reached *** piety under Okawaru
  9007 | D:8      | Noticed Erica
  9024 | D:8      | Killed Erica
  9303 | D:8      | Received a gift from Okawaru
  9500 | D:8      | Noticed Harold
  9533 | D:8      | Killed Harold
  9533 | D:8      | Reached XP level 11. HP: 53/83 MP: 16/19
 10260 | D:9      | Learned a level 3 spell: Regeneration
 10485 | D:9      | Reached **** piety under Okawaru
 10514 | D:9      | Received a gift from Okawaru
 10668 | D:9      | Reached skill level 5 in Conjurations
 10668 | D:9      | Reached skill level 5 in Hexes
 10668 | D:9      | Reached skill level 5 in Charms
 10668 | D:9      | Reached skill level 5 in Necromancy
 10668 | D:9      | Reached skill level 5 in Translocations
 10668 | D:9      | Reached skill level 5 in Transmutations
 10668 | D:9      | Reached skill level 5 in Fire Magic
 10668 | D:9      | Reached skill level 5 in Air Magic
 10668 | D:9      | Reached skill level 5 in Earth Magic
 10668 | D:9      | Reached skill level 5 in Poison Magic
 10729 | D:9      | Found a blossoming altar of Fedhas.
 10834 | D:9      | Found a staircase to the Orcish Mines.
 11375 | D:10     | Entered Level 10 of the Dungeon
 11379 | D:10     | Found a staircase to the Lair.
 12056 | D:10     | Found Kupniem's Food Shoppe.
 12506 | Orc:1    | Entered Level 1 of the Orcish Mines
 12506 | Orc:1    | Noticed a two-headed ogre
 12516 | Orc:1    | Killed a two-headed ogre
 12516 | Orc:1    | Reached ***** piety under Okawaru
 12968 | D:9      | Received a gift from Okawaru
 14350 | Orc:2    | Entered Level 2 of the Orcish Mines
 14697 | Orc:2    | Received a gift from Okawaru
 14842 | Orc:2    | Noticed an orc sorcerer
 14845 | Orc:2    | Noticed an orc warlord
 14854 | Orc:1    | Reached XP level 12. HP: 74/91 MP: 22/22
 15075 | Orc:2    | Paralysed by an orc sorcerer for 5 turns
 15089 | Orc:1    | Received a gift from Okawaru
 15440 | D:9      | Killed an orc warlord
 15449 | D:9      | Received a gift from Okawaru
 16175 | Orc:1    | Received a gift from Okawaru
 16500 | Orc:2    | Found a staircase to the Elven Halls.
 18417 | Orc:2    | Noticed an orc high priest
 18429 | Orc:2    | Killed an orc high priest
 18429 | Orc:2    | Received a gift from Okawaru
 19105 | Orc:2    | Noticed an orc high priest
 19120 | Orc:2    | Killed an orc high priest
 19458 | Orc:2    | Noticed an orc high priest
 19470 | Orc:2    | Killed an orc high priest
 19851 | Orc:2    | Noticed an orc high priest
 19861 | Orc:2    | Killed an orc high priest
 19861 | Orc:2    | Reached XP level 13. HP: 89/98 MP: 21/24
 20716 | Orc:2    | Found Oveups's Antique Weapon Boutique.
 20719 | Orc:2    | Found Xeadd's Magic Scroll Shop.
 20720 | Orc:2    | Found Savyar's Book Boutique.
 20721 | Orc:2    | Found Xyloefril's Antique Armour Boutique.
 20725 | Orc:2    | Bought a scroll of teleportation for 39 gold pieces
 20725 | Orc:2    | Bought a scroll of identify for 26 gold pieces
 20725 | Orc:2    | Bought a scroll of identify for 26 gold pieces
 20725 | Orc:2    | Bought a scroll of fear for 45 gold pieces
 20725 | Orc:2    | Bought a scroll of identify for 26 gold pieces
 20732 | Orc:2    | Bought a pair of runed boots for 217 gold pieces
 20732 | Orc:2    | Bought a transparent plate armour for 812 gold pieces
 20732 | Orc:2    | Bought a glowing large shield for 217 gold pieces
 20742 | Orc:2    | Identified the +7 plate armour of the Blue Skies {Dex+3} (You bought it in a shop on level 2 of the Orcish Mines)
 20933 | Lair:1   | Entered Level 1 of the Lair of Beasts
 21193 | Lair:1   | Noticed Nergalle
 21223 | Lair:1   | Killed Nergalle
 21628 | Lair:1   | Received a gift from Okawaru
 21946 | Lair:2   | Noticed Gastronok
 21979 | Lair:2   | Killed Gastronok
 21989 | Lair:2   | Found a labyrinth entrance.
 22032 | Lab      | Entered a labyrinth
 22311 | Lab      | Noticed a minotaur
 22331 | Lab      | Killed a minotaur
 22427 | Lair:2   | Found a frozen archway.
 22436 | IceCv    | Entered an ice cave
 24100 | Lair:2   | Noticed Urug
 24120 | Lair:2   | Killed Urug
 24138 | Lair:2   | Found a staircase to the Snake Pit.
 24260 | Lair:2   | Found a staircase to the Shoals.
 25367 | Lair:3   | Reached XP level 14. HP: 106/108 MP: 26/26
 25386 | Lair:3   | Found a snail-covered altar of Cheibriados.
 26246 | Lair:4   | Reached skill level 10 in Armour
 26246 | Lair:4   | Reached skill level 10 in Shields
 26563 | Lair:4   | Received a gift from Okawaru
 28058 | Lair:5   | Reached skill level 10 in Invocations
 28611 | Lair:4   | Received a gift from Okawaru
 29082 | Lair:6   | Entered Level 6 of the Lair of Beasts
 29092 | Lair:6   | Received a gift from Okawaru
 30550 | Lair:6   | Reached XP level 15. HP: 104/115 MP: 28/28
 30699 | Lair:6   | Reached skill level 10 in Fighting
 30912 | Lair:6   | Upgraded the game from 0.23-a0-61-g4bf3f6c to 0.23-a0-78-gc252fe1
 31215 | Lair:6   | Received a gift from Okawaru
 32080 | Lair:6   | Found a runed door.
 32220 | Lair:6   | Paralysed by a hornet for 1 turns
 32226 | Lair:6   | Reached skill level 10 in Summonings
 33383 | Lair:1   | Reached skill level 10 in Short Blades
 33383 | Lair:1   | Reached skill level 10 in Long Blades
 33383 | Lair:1   | Reached skill level 10 in Axes
 33383 | Lair:1   | Reached skill level 10 in Maces & Flails
 33383 | Lair:1   | Reached skill level 10 in Polearms
 33383 | Lair:1   | Reached skill level 10 in Staves
 33383 | Lair:1   | Reached skill level 10 in Slings
 33383 | Lair:1   | Reached skill level 10 in Bows
 33383 | Lair:1   | Reached skill level 10 in Crossbows
 33383 | Lair:1   | Reached skill level 10 in Throwing
 33383 | Lair:1   | Reached skill level 10 in Dodging
 33383 | Lair:1   | Reached skill level 10 in Stealth
 33383 | Lair:1   | Reached skill level 10 in Unarmed Combat
 33383 | Lair:1   | Reached skill level 10 in Spellcasting
 33383 | Lair:1   | Reached skill level 10 in Evocations
 34391 | D:11     | Received a gift from Okawaru
 34394 | D:11     | Got an encrusted lajatang {god gift}
 34400 | D:11     | Identified the +11 lajatang of Starshine {venom, Int+6} (Okawaru gifted it to you on level 11 of the Dungeon)
 35939 | D:13     | Found a bloodstained altar of Trog.
 35940 | D:13     | Found the cursed necklace of Bloodlust {*Rage +Rage MR++ Int-3 Slay+6 *Curse}
 36224 | D:13     | Found a gate to the Vaults.
 36267 | D:13     | Reached XP level 16. HP: 78/124 MP: 20/30
 36306 | D:13     | Received a gift from Okawaru
 36702 | D:13     | Received a gift from Okawaru
 37199 | D:13     | Found a transporter.
 37935 | D:14     | Noticed Louise
 37976 | D:14     | Cast into level 3 of the Abyss (Louise)
 38102 | Abyss:3  | Noticed a revenant
 38381 | Abyss:3  | Noticed a bone dragon
 38415 | Abyss:3  | Noticed a tentacled starspawn
 38428 | Abyss:3  | HP: 1/99 [hell hog/fireball (6)]
 38428 | Abyss:3  | Slain by a bone dragon

Vault maps used:
D:1:      dpeg_arrival_arbitrary_a
D:3:      tgw_sif, first_ration, serial_park_tiny_2
D:4:      lemuel_round_altar, uniq_natasha
D:5:      tso_oasis_becter, minmay_temple_entry_purple_smoke, serial_shops,
          shop, uniq_eustachio
D:6:      okawaru_gym_becter, chequers_temple_overflow_minitemple,
          uniq_blork_the_orc
D:7:      overflow_temple_1_default, gammafunk_temple_overflow_pools,
          grunt_livestock, minivault_26
D:8:      uniq_joseph, uniq_erica, uniq_harold
D:9:      zombieorc1_lemuel, fedhas_altar_fruit_tree
D:10:     minmay_lair_entry_lava, serial_shops, shop
D:12:     corexii_leaking_fountain, serial_bayou_pond_d
D:13:     emtedronai_trogs_sanctum, erik_vaults_2, hangedman_cracks_in_the_wall
D:14:     serial_park_tiny_1, uniq_roxanne, uniq_azrael, uniq_louise
Temple:   cyrus_temple_forest
Lair:1:   grunt_megastairs_4, minmay_lair_oklob_chamber, uniq_nergalle
Lair:2:   shoals_dummy_entry, guppyfry_snake_entry_island,
          portal_ice_cave_entry_pillars_2, nicolae_volcano_entry_two_sided,
          lab_entry_generic, uniq_gastronok, uniq_urug
Lair:3:   basic_altar, lemuel_another_geyser
Lair:4:   hangedman_lair_unloving_vines
Lair:5:   nicolae_quartered_pool_little, serial_bayou_lake_a
Lair:6:   wormcave, guppyfry_lair_end_dragon, minmay_slime_entry_oklob_open,
          hangedman_lair_generics_rect
Orc:2:    st_orc_pillars, lightli_orcish_oven
Lab:      labyrinth_watery, nicolae_lab_very_dead_end, nicolae_lab_do_over,
          nicolae_lab_t_cross
IceCv:    ice_cave_tombish

Skill      XL: |  1  2  3  4  5  6  7  8  9 10 11 12 13 14 15 |
---------------+----------------------------------------------+-----
Invocations    | 1 2 3 4 5 6 7 8 9 10 11 | 11.4
Short Blades   | 1 2 3 4 5 6 7 8 9 10 | 10.5
Long Blades    | 1 2 3 4 5 6 7 8 9 10 | 10.5
Axes           | 1 2 3 4 5 6 7 8 9 10 | 10.5
Maces & Flails | 1 2 3 4 5 6 7 8 9 10 | 10.5
Polearms       | 1 2 3 4 5 6 7 8 9 10 | 10.5
Staves         | 1 2 3 4 5 6 7 8 9 10 | 10.5
Slings         | 1 2 3 4 5 6 7 8 9 10 | 10.5
Bows           | 1 2 3 4 5 6 7 8 9 10 | 10.5
Crossbows      | 1 2 3 4 5 6 7 8 9 10 | 10.5
Throwing       | 1 2 3 4 5 6 7 8 9 10 | 10.5
Dodging        | 1 2 3 4 5 6 7 8 9 10 | 10.5
Stealth        | 1 2 3 4 5 6 7 8 9 10 | 10.5
Unarmed Combat | 1 2 3 4 5 6 7 8 9 10 | 10.5
Spellcasting   | 1 2 3 4 5 6 7 8 9 10 | 10.5
Evocations     | 1 2 3 4 5 6 7 8 9 10 | 10.5
Conjurations   | 1 2 3 4 5 6 7 8 |  8.9
Hexes          | 1 2 3 4 5 6 7 8 |  8.9
Charms         | 1 2 3 4 5 6 7 8 |  8.9
Necromancy     | 1 2 3 4 5 6 7 8 |  8.9
Translocations | 1 2 3 4 5 6 7 8 |  8.9
Transmutations | 1 2 3 4 5 6 7 8 |  8.9
Fire Magic     | 1 2 3 4 5 6 7 8 |  8.9
Air Magic      | 1 2 3 4 5 6 7 8 |  8.9
Earth Magic    | 1 2 3 4 5 6 7 8 |  8.9
Poison Magic   | 1 2 3 4 5 6 7 8 |  8.9
Fighting       | 3 4 5 6 7 8 9 10 | 10.8
Ice Magic      | 4 5 6 7 8 9 |  9.7
Armour         | 5 6 7 8 9 10 11 | 11.4
Shields        | 5 6 7 8 9 10 11 | 11.4
Summonings     | 6 7 8 9 10 | 10.4

Action                   |  1- 3 |  4- 6 |  7- 9 | 10-12 | 13-15 | 16-18 || total
-------------------------+-------+-------+-------+-------+-------+-------++-------
Melee: Dagger            |    14 |       |       |       |       |       ||    14
       Whip              |   132 |   157 |       |       |       |       ||   289
       Bite              |    20 |    26 |    54 |   171 |   386 |    94 ||   751
       Spear             |       |   111 |   519 |       |       |       ||   630
       Long sword        |       |       |    38 |  1149 |  1928 |   415 ||  3530
       Falchion          |       |       |    11 |       |       |       ||    11
       Scimitar          |       |       |       |       |    70 |       ||    70
       Lajatang          |       |       |       |       |   102 |       ||   102
 Cast: Regeneration      |       |       |       |     1 |       |       ||     1
Invok: Heroism           |       |       |       |    31 |    22 |     8 ||    61
       Finesse           |       |       |       |     1 |     2 |       ||     3
 Abil: Evoke Berserk Rag |       |       |       |     7 |     8 |       ||    15
  Use: Scroll            |       |     6 |     6 |     7 |    16 |     5 ||    40
       Potion            |       |       |     3 |     2 |     1 |       ||     6
 Stab: Distracted        |       |       |     1 |       |     3 |     2 ||     6
       Sleeping          |       |       |       |       |     3 |       ||     3
       Petrified         |       |       |       |       |       |     4 ||     4
  Eat: Chunk             |     2 |     6 |    11 |    42 |    49 |     5 ||   115
       Ration            |       |       |     1 |     2 |     6 |     1 ||    10
Armor: Scale mail        |    53 |    65 |       |       |       |       ||   118
       Robe              |     2 |       |       |       |       |       ||     2
       Plate armour      |       |    61 |   132 |       |  1086 |   161 ||  1440
       Skin              |       |       |     4 |       |       |       ||     4
       Chain mail        |       |       |   154 |   469 |    10 |       ||   633
       Ring mail         |       |       |       |       |     8 |       ||     8
       Fire dragon scale |       |       |       |       |     1 |       ||     1
       Acid dragon scale |       |       |       |       |     5 |       ||     5
Dodge: Dodged            |    51 |    83 |   126 |   352 |   402 |    60 ||  1074
Block: Buckler           |    33 |    59 |   139 |    98 |       |       ||   329
       Shield            |       |       |       |   546 |    23 |       ||   569
       Large shield      |       |       |       |       |  1715 |   250 ||  1965
       Rpst.: Long sword |       |       |     4 |   113 |    87 |    13 ||   217
       Scimitar          |       |       |       |       |     2 |       ||     2

Table legend:
 A = Non-vault XP
 B = Vault XP
 C = Vault XP percentage of total XP
 D = Non-vault monster count
 E = Vault monster count
 F = Vault count percentage of total count
 G = Total turns spent on level
                 A         B        C        D         E       F
            +---------+---------+-------+---------+---------+-------
      Total |   91487 |   52856 |  36.6 |     578 |     200 |  25.7
            +---------+---------+-------+---------+---------+-------
        D:1 |      27 |       0 |   0.0 |      16 |       0 |   0.0
        D:2 |     137 |       0 |   0.0 |      21 |       0 |   0.0
        D:3 |     166 |      87 |  34.4 |      29 |       1 |   3.3
        D:4 |     388 |      35 |   8.3 |      17 |       1 |   5.6
        D:5 |     947 |     208 |  18.0 |      28 |       1 |   3.4
        D:6 |    1442 |       0 |   0.0 |      24 |       0 |   0.0
        D:7 |    2262 |     969 |  30.0 |      36 |       5 |  12.2
        D:8 |     950 |    2417 |  71.8 |      21 |       3 |  12.5
        D:9 |    4505 |     828 |  15.5 |      36 |      28 |  43.8
       D:10 |    1631 |     281 |  14.7 |      29 |       2 |   6.5
       D:11 |    7504 |       0 |   0.0 |      34 |       0 |   0.0
       D:12 |    6907 |       0 |   0.0 |      26 |       0 |   0.0
       D:13 |    4352 |   10766 |  71.2 |      24 |      19 |  44.2
       D:14 |    1657 |       0 |   0.0 |      10 |       0 |   0.0
     Lair:1 |    2579 |    3251 |  55.8 |      15 |       8 |  34.8
     Lair:2 |    3842 |    3611 |  48.5 |      21 |       5 |  19.2
     Lair:3 |    1894 |       0 |   0.0 |       9 |       0 |   0.0
     Lair:4 |   13496 |       0 |   0.0 |      48 |       0 |   0.0
     Lair:5 |    8206 |     256 |   3.0 |      30 |       2 |   6.2
     Lair:6 |   18988 |   12755 |  40.2 |      38 |      35 |  47.9
      Orc:1 |    4235 |    1044 |  19.8 |      24 |       7 |  22.6
      Orc:2 |    2000 |   10567 |  84.1 |      35 |      61 |  63.5
    Abyss:3 |    3372 |       0 |   0.0 |       7 |       0 |   0.0
        Lab |       0 |    1277 | 100.0 |       0 |       1 | 100.0
      IceCv |       0 |    4504 | 100.0 |       0 |      21 | 100.0
            +---------+---------+-------+---------+---------+-------
